 Dungeon Sprint DCSS version 0.23.2-11-gf996548c65 (webtiles) character file.

Game seed: 915503026884995345

135513 wilfster70 the Formicid Arbalest (level 17, -7/165 HPs)
             Began as a Formicid Hunter on June 5, 2019.
             Was the Champion of Qazlal.
             Mangled by an Executioner (14 damage)
             ... summoned by Gloorx Vloq
             ... in the Dungeon (Sprint V: "Ziggurat Sprint").
             The game lasted 00:24:13 (2132 turns).

wilfster70 the Formicid Arbalest (Formicid Hunter)  Turns: 2132, Time: 00:24:14

Health: -7/165     AC: 35    Str: 20    XL:     17   Next: 78%
Magic:  34/34      EV:  4    Int: 18    God:    Qazlal [******]
Gold:   0          SH: 39    Dex: 11    Spells: 38/41 levels left

rFire    + + .     SeeInvis +   a - +9 heavy crossbow "Sniper" {velocity, Acc+∞ SInv}
rCold    + . .     Gourm    .   J - +18 shield of the Gong {rElec rN+ MR+ EV-5}
rNeg     + . .     Faith    .   l - +5 gold dragon scales
rPois    +         Spirit   .   (helmet unavailable)
rElec    +         Reflect  +   D - +0 cloak
rCorr    .         Harm     .   H - +4 pair of gloves "Gigojyum" {rElec rF+}
MR       ++++.                  (no boots)
Stlth    ..........             p - +2 amulet of reflection
HPRegen  0.37/turn              j - ring of the Mage {Wiz MR++ Int+3}
MPRegen  0.24/turn              c - +6 ring of slaying

@: protected from physical damage, studying Axes, silenced, repel missiles
A: permanent stasis, dig shafts and tunnels, four strong arms, antennae 3
a: Dig, Renounce Religion


You were in the Dungeon.
You worshipped Qazlal.
Qazlal was exalted by your worship.
You were hungry.

You visited 1 branch

Inventory:

Hand Weapons
 a - the +9 heavy crossbow "Sniper" (weapon) {velocity, Acc+∞ SInv}
   (You found it in the Dungeon)

   Any bolt fired from it inflicts extra damage.
   It lets you see invisible.
 b - a +5 battleaxe of electrocution
 I - a +3 broad axe of flaming
Missiles
 d - 987 bolts (quivered)
Armour
 l - +5 gold dragon scales (worn)
 D - a +0 cloak (worn)
 H - the +4 pair of gloves "Gigojyum" (worn) {rElec rF+}
   (You found it in the Dungeon)

   It protects you from fire.
   It insulates you from electricity.
 J - the +18 shield of the Gong (worn) {rElec rN+ MR+ EV-5}
   (You found it in the Dungeon)

   It affects your evasion (-5).
   It insulates you from electricity.
   It protects you from negative energy.
   It affects your resistance to hostile enchantments.
Jewellery
 c - a +6 ring of slaying (right hand)
 j - the ring of the Mage (left hand) {Wiz MR++ Int+3}
   (You found it in the Dungeon)

   [ring of wizardry]

   It improves your spell success rate.
   It affects your intelligence (+3).
   It affects your resistance to hostile enchantments.
 k - the ring "Zimajy" {MP+9 EV+3 Dex+10}
   (You took it off a merfolk in the Dungeon)

   [ring of evasion]

   It affects your evasion (+3).
   It affects your dexterity (+10).
   It affects your magic capacity (+9).
 p - a +2 amulet of reflection (around neck)
 E - a ring of the Octopus King {MP+9 AC+1 EV+1 Str+1 Int+1 Dex+1}
   (You found it in the Dungeon)

   [ring of magical power]

   It affects your AC (+1).
   It affects your evasion (+1).
   It affects your strength (+1).
   It affects your intelligence (+1).
   It affects your dexterity (+1).
   It affects your magic capacity (+9).
Wands
 y - a wand of disintegration (7)
 z - a wand of iceblast (7)
 A - a wand of acid (7)
Scrolls
 h - 4 scrolls of enchant weapon
 s - 4 scrolls of amnesia
 t - 7 scrolls of fog
 u - 2 scrolls of holy word
 v - 5 scrolls of identify
 w - 5 scrolls of remove curse
 x - 2 scrolls of fear
 G - 5 scrolls of brand weapon
Potions
 e - 10 potions of curing
 g - 9 potions of heal wounds
 i - 6 potions of magic
 m - 2 potions of brilliance
 n - 2 potions of invisibility
 o - 4 potions of resistance
 q - 5 potions of agility
 r - 6 potions of might
Books
 N - a manual of Axes
Miscellaneous
 B - a lamp of fire
 C - 4 phantom mirrors
Comestibles
 f - 10 rations


   Skills:
 + Level 23.8 Fighting
 + Level 14.1 Axes
 O Level 27 Crossbows
 - Level 15.0 Armour
 - Level 15.0 Dodging
 - Level 1.2 Stealth
 - Level 9.2 Shields
 + Level 12.7 Spellcasting
 + Level 7.5 Charms
 + Level 7.6 Necromancy
 * Level 26.3 Invocations
 - Level 10.1 Evocations


You had 38 spell levels left.
You knew the following spells:

 Your Spells              Type           Power        Failure   Level  Hunger
a - Regeneration          Chrm/Necr      #####.....   16%         3    None

Your spell library contained the following spells:

 Spells                   Type           Power        Failure   Level  Hunger
 Animate Skeleton         Necr           N/A          6%          1    None
 Infusion                 Chrm           ####         6%          1    None
 Corpse Rot               Necr           N/A          9%          2    None
 Sublimation of Blood     Necr           #####.....   9%          2    None
 Swiftness                Chrm/Air       ####....     38%         2    None
 Animate Dead             Necr           N/A          45%         4    ##.....
 Ozocubu's Armour         Chrm/Ice       ####....     58%         3    None
 Apportation              Tloc           ##....       75%         1    None
 Beastly Appendage        Tmut           ##....       75%         1    None
 Confusing Touch          Hex            ##....       75%         1    None
 Corona                   Hex            ##.....      75%         1    None
 Flame Tongue             Conj/Fire      ##...        75%         1    None
 Magic Dart               Conj           ##..         75%         1    None
 Sandblast                Erth           ##....       75%         1    None
 Shock                    Conj/Air       ##..         75%         1    None
 Sting                    Conj/Pois      ##..         75%         1    None
 Summon Butterflies       Summ           ##......     75%         1    None
 Summon Small Mammal      Summ           ##..         75%         1    None
 Dispel Undead            Necr           #####...     80%         5    ####...
 Excruciating Wounds      Chrm/Necr      #####.....   80%         5    ####...
 Call Imp                 Summ           ##......     86%         2    None
 Ensorcelled Hibernation  Hex/Ice        ##....       86%         2    None
 Passwall                 Tmut/Erth      ##......     86%         2    None
 Poisonous Vapours        Pois/Air       ##....       86%         2    None
 Searing Ray              Conj           ##....       86%         2    None
 Slow                     Hex            ##......     86%         2    None
 Sticks to Snakes         Tmut           ##......     86%         2    None
 Throw Flame              Conj/Fire      ##....       86%         2    None
 Call Canine Familiar     Summ           ##......     97%         3    None
 Conjure Flame            Conj/Fire      ##......     97%         3    None
 Dazzling Spray           Conj/Hex       ##....       97%         3    None
 Ignite Poison            Fire/Tmut/Pois ##......     97%         3    None
 Inner Flame              Hex/Fire       ##......     97%         3    None
 Lesser Beckoning         Tloc           ##........   97%         3    None
 Mephitic Cloud           Conj/Pois/Air  ##......     97%         3    None
 Portal Projectile        Hex/Tloc       ##....       97%         3    None
 Recall                   Summ/Tloc      N/A          97%         3    None
 Spider Form              Tmut/Pois      ##........   97%         3    None
 Static Discharge         Conj/Air       ##......     97%         3    None
 Stone Arrow              Conj/Erth      ##....       97%         3    None
 Summon Guardian Golem    Hex/Summ       ##......     97%         3    None
 Teleport Other           Tloc           ##......     97%         3    None
 Tukima's Dance           Hex            ##......     97%         3    None
 Borgnjor's Vile Clutch   Necr/Erth      ####......   99%         5    ####...
 Iskenderun's Battlesphe  Conj/Chrm      ####....     99%         5    ####...
 Airstrike                Air            ##........   100%        4    ##.....
 Cause Fear               Hex            ##........   100%        4    ##.....
 Force Lance              Conj/Tloc      ##......     100%        4    ##.....
 Fulminant Prism          Conj/Hex       ##........   100%        4    ##.....
 Ice Form                 Ice/Tmut       ##......     100%        4    ##.....
 Iskenderun's Mystic Bla  Conj           ##......     100%        4    ##.....
 Leda's Liquefaction      Hex/Erth       ##........   100%        4    ##.....
 Olgreb's Toxic Radiance  Pois           ##......     100%        4    ##.....
 Petrify                  Tmut/Erth      ##......     100%        4    ##.....
 Sticky Flame             Conj/Fire      ##......     100%        4    ##.....
 Summon Ice Beast         Ice/Summ       ##......     100%        4    ##.....
 Summon Lightning Spire   Summ/Air       ##......     100%        4    ##.....
 Alistair's Intoxication  Tmut/Pois      ##......     100%        5    ####...
 Blade Hands              Tmut           ##........   100%        5    ####...
 Bolt of Magma            Conj/Fire/Erth ##........   100%        5    ####...
 Fireball                 Conj/Fire      ##........   100%        5    ####...
 Irradiate                Conj/Tmut      ##........   100%        5    ####...
 Lee's Rapid Deconstruct  Erth           ##........   100%        5    ####...
 Lightning Bolt           Conj/Air       ##........   100%        5    ####...
 Silence                  Hex/Air        ##........   100%        5    ####...
 Summon Forest            Summ/Tloc      ##........   100%        5    ####...
 Summon Mana Viper        Hex/Summ       ##......     100%        5    ####...
 Venom Bolt               Conj/Pois      ##........   100%        5    ####...
 Yara's Violent Unravell  Hex/Tmut       ##........   100%        5    ####...
 Bolt of Fire             Conj/Fire      ##........   100%        6    ######.
 Darkness                 Hex            ##........   100%        6    ######.
 Deflect Missiles         Chrm/Air       ####......   100%        6    ######.
 Freezing Cloud           Conj/Ice/Air   ##........   100%        6    ######.
 Hydra Form               Tmut           ##........   100%        6    ######.
 Invisibility             Hex            ##......     100%        6    ######.
 Iron Shot                Conj/Erth      ##........   100%        6    ######.
 Shadow Creatures         Summ           N/A          100%        6    ######.
 Statue Form              Tmut/Erth      ##.......    100%        6    ######.
 Dragon Form              Tmut           ##........   100%        7    #######
 Haunt                    Necr/Summ      ####......   100%        7    #######
 Malign Gateway           Summ/Tloc      ##........   100%        7    #######
 Monstrous Menagerie      Summ           ##........   100%        7    #######
 Orb of Destruction       Conj           ##........   100%        7    #######
 Ring of Flames           Chrm/Fire      ####......   100%        7    #######
 Spellforged Servitor     Conj/Summ      ##........   100%        7    #######
 Summon Greater Demon     Summ           ##........   100%        7    #######
 Summon Hydra             Summ           ##........   100%        7    #######
 Borgnjor's Revivificati  Necr           #####.....   100%        8    #######
 Death's Door             Chrm/Necr      #####.....   100%        8    #######
 Discord                  Hex            ##........   100%        8    #######
 Ignition                 Fire           ##........   100%        8    #######
 Infestation              Necr           #####.....   100%        8    #######
 Necromutation            Tmut/Necr      ####......   100%        8    #######
 Summon Horrible Things   Summ           ##........   100%        8    #######
 Shatter                  Erth           ##........   100%        9    #######
 Tornado                  Air            ##........   100%        9    #######


Dungeon Overview and Level Annotations

Branches:
Dungeon (1/1)

Altars:
Ashenzari
Cheibriados
Dithmenos
Elyvilon
Fedhas
Gozag
Hepliaklqana
Kikubaaqudgha
Makhleb
Nemelex Xobeh
Okawaru
Qazlal
Ru
Sif Muna
Trog
Uskayaw
Vehumet
Wu Jian
Xom
Yredelemnul
Zin
The Shining One
Beogh
Jiyva
Lugonu

Annotations:
D Agnes, Boris, Dispater, Ereshkigal, Frances, Frederick, Geryon, Gloorx Vloq


Innate Abilities, Weirdness & Mutations

You cannot be hasted, slowed, berserked, paralysed or teleported.
You can dig through walls and to a lower floor.
Your four strong arms can wield two-handed weapons with a shield.
You have a pair of large antennae on your head. (SInv)


Message History

The Executioner is engulfed in freezing vapours.
The Executioner hits you but does no damage. x3
The Executioner hits you.
* * * LOW HITPOINT WARNING * * *
You block the Executioner's attack.
The Executioner hits you but does no damage.
Ereshkigal gestures.
The Executioner is engulfed in freezing vapours.
The Executioner hits you but does no damage.
You block the Executioner's attack.
The Executioner hits you but does no damage.
The azure jelly hits you but does no damage. x4
Dispater drinks a potion.
Dispater flickers and vanishes for a moment.
The green death is engulfed in freezing vapours.
The green death hits you!
* * * LOW HITPOINT WARNING * * *
You feel more protected from physical attacks.
The Executioner hits you!
You die...

).).. ..▓
.......J.{..JL..▓
....)...........▓
...▓.....&{▓....▓
..▓.▓....@▓.▓LJ.▓
...▓.....iJ▓.§..▓
........1JJ@☼...▓
....[...J&1@1○..▓
.......©2&12&°..▓
▓▓▓▓▓▓▓▓▓▓▓▓▓▓▓▓▓


You could see Dispater (invisible), Gloorx Vloq, Ereshkigal, Geryon, Frederick,
Boris, Frances, a Tzitzimitl, 3 acid blobs, Agnes, a cacodemon, 2 azure jellies,
a green death, 3 Executioners and a death ooze.

Vanquished Creatures
  2 ancient liches (D)
  4 liches (D)
  An iron giant (D)
  2 Ice Fiends (D)
  3 acid blobs (D)
  5 krakens (D)
  A draconian monk (D)
  4 frost giants (D)
  A ghoul (D)
  A balrug (D)
  A draconian annihilator (D)
  2 reapers (D)
  4 vampire knights (D)
  4 black draconians (D)
  A white draconian (D)
  2 red draconians (D)
  A yellow draconian (D)
  4 purple draconians (D)
  7 merfolk javelineers (D)
  7 blizzard demons (D)
  A death ooze (D)
  6 merfolk impalers (D)
  A great orb of eyes (D)
  6 ice dragons (D)
  A merfolk avatar (D)
  8 merfolk aquamancers (D)
  5 dancing weapons (D)
  A hell hog (D)
  A deep elf knight (D)
  3 vampire magi (D)
  2 sea snakes (D)
  A sixfirhy (D)
  4 skeletal warriors (D)
  3 flayed ghosts (D)
  A spriggan druid (D)
  A glowing orange brain (D)
  A deep elf archer (D)
  A deep elf mage (D)
  5 necromancers (D)
  A shining eye (D)
  A manticore (D)
  A water nymph (D)
  2 merfolk sirens (D)
  2 naga magi (D)
  2 eyes of devastation (D)
  A black mamba (D)
  A spiny frog (D)
  7 tormentors (D)
  5 rime drakes (D)
  5 freezing wraiths (D)
  2 hellions (D)
  13 ice devils (D)
  A red devil (D)
  7 merfolk (D)
  9 polar bears (D)
  2 wind drakes (D)
  2 hornets (D)
  8 slime creatures (D)
  A hippogriff (D)
  3 snapping turtles (D)
  4 spriggans (D)
  6 wraiths (D)
  10 shadows (D)
  2 water elementals (D)
  2 vampires (D)
  2 basilisks (D)
  A golden eye (D)
  A water moccasin (D)
  3 hell hounds (D)
  A floating eye (D)
  2 phantoms (D)
  6 ice beasts (D)
  3 black bears (D)
  3 necrophages (D)
  3 wolves (D)
  A centaur (D)
  2 bullfrogs (D)
  5 wights (D)
  A crimson imp (D)
  7 jellies (D)
  5 iron imps (D)
  An iguana (D)
  3 mummies (D)
  4 adders (D)
  A shadow imp (D)
  8 white imps (D)
  3 oozes (D)
  5 adder skeletons (D)
  4 adder zombies (D)
  8 bat skeletons (D)
  5 bat zombies (D)
  A jackal (D)
  2 ball pythons (D)
  A ball python zombie (D)
  4 bat simulacra (D)
  A giant cockroach simulacrum (D)
  2 giant cockroach zombies (D)
  A jackal skeleton (D)
  2 jackal zombies (D)
  A leopard gecko simulacrum (D)
  2 leopard gecko skeletons (D)
  2 leopard gecko zombies (D)
  A quokka zombie (D)
  9 tentacles (D)
326 creatures vanquished.

Vanquished Creatures (others)
  Margery (D)
  the Enchantress (D)
  Nikola (D)
  24 acid blobs (D)
  Gastronok (D)
  Donald (D)
  34 azure jellies (D)
  Nessos (D)
  Josephine (D)
  20 death oozes (D)
  Harold (D)
  Erolcha (D)
  Urug (D)
  Sonja (D)
  Nergalle (D)
  Pikel (D)
  Joseph (D)
  Eustachio (D)
  Purgy (D)
  Blork the orc (D)
  Dowan (D)
  Jessica (D)
  Ijyb (D)
  27 tentacles (D)
125 creatures vanquished.

Grand Total: 451 creatures vanquished

Notes
Turn   | Place    | Note
-------+----------+-------------------------------------------
     0 | D        | Found the +6 Majin-Bo {vamp, Archmagi MP+6 Int+6}
     0 | D        | Found the +7 great mace "Firestarter" {inner flame, rF++}
     0 | D        | wilfster70 the Formicid Hunter began the quest for the Orb.
     0 | D        | Reached XP level 1. HP: 16/16 MP: 1/1
     2 | D        | Killed Jessica
     3 | D        | Killed Blork the orc
    14 | D        | Killed Ijyb
    25 | D        | Found a blossoming altar of Fedhas.
    31 | D        | Found a deep blue altar of Sif Muna.
    31 | D        | Found a sacrificial altar of Ru.
    31 | D        | Found a bloodstained altar of Trog.
    31 | D        | Found a stormy altar of Qazlal.
    31 | D        | Found an iron altar of Okawaru.
    31 | D        | Found a sparkling altar of Nemelex Xobeh.
    33 | D        | Found a transporter.
    33 | D        | Found an ancient bone altar of Kikubaaqudgha.
    33 | D        | Found a viscous altar of Jiyva.
    33 | D        | Found a corrupted altar of Lugonu.
    33 | D        | Found a hazy altar of Hepliaklqana.
    33 | D        | Found a burning altar of Makhleb.
    33 | D        | Found an opulent altar of Gozag.
    52 | D        | Killed Joseph
    62 | D        | Found the +9 heavy crossbow "Sniper" {velocity, Acc+∞ SInv}
    62 | D        | Found the +10 dark maul {crush}
    62 | D        | Found the +15 Maxwell's patent armour {-Cast -Tele rElec
                  | MR+ rCorr}
    62 | D        | Found the +18 shield of the Gong {rElec rN+ MR+ EV-5}
    62 | D        | Found the cursed +14 obsidian axe {chop, +Fly SInv *Curse}
    63 | D        | Killed Pikel
    72 | D        | Killed Margery
    80 | D        | Became a worshipper of Qazlal Stormbringer
    81 | D        | Killed a death ooze
    82 | D        | Killed an azure jelly
    87 | D        | Reached XP level 2. HP: 25/25 MP: 1/4
   133 | D        | Entered arena 2.
   133 | D        | Noticed a sixfirhy
   133 | D        | Found a transporter.
   134 | D        | Killed a sixfirhy
   134 | D        | Reached skill level 7 in Crossbows
   134 | D        | Reached skill level 5 in Dodging
   134 | D        | Reached XP level 3. HP: 35/35 MP: 5/8
   134 | D        | Reached XP level 4. HP: 41/41 MP: 5/9
   134 | D        | Reached XP level 5. HP: 47/47 MP: 5/10
   134 | D        | Reached XP level 6. HP: 53/53 MP: 5/11
   134 | D        | Reached XP level 7. HP: 59/59 MP: 5/12
   135 | D        | Killed Nessos
   142 | D        | Entered arena 3.
   142 | D        | Found a transporter.
   143 | D        | Killed a death ooze
   144 | D        | Killed an azure jelly
   145 | D        | Reached * piety under Qazlal
   145 | D        | Killed the Enchantress
   146 | D        | Reached XP level 8. HP: 67/67 MP: 7/13
   147 | D        | Killed Urug
   148 | D        | Reached ** piety under Qazlal
   175 | D        | Killed an azure jelly
   175 | D        | Killed Gastronok
   176 | D        | Killed an azure jelly
   186 | D        | Entered arena 4.
   186 | D        | Noticed a spriggan
   186 | D        | Found a transporter.
   187 | D        | Killed a spriggan
   187 | D        | Killed Nergalle
   188 | D        | Reached skill level 8 in Crossbows
   188 | D        | Killed Eustachio
   190 | D        | Reached *** piety under Qazlal
   198 | D        | Got the Collected Works on Venomous Transmigration
   216 | D        | Killed Donald
   219 | D        | Entered arena 5.
   219 | D        | Found a transporter.
   245 | D        | Entered arena 6.
   245 | D        | Noticed a slime creature
   245 | D        | Found a transporter.
   246 | D        | Reached **** piety under Qazlal
   248 | D        | Killed an azure jelly
   250 | D        | Killed a slime creature
   250 | D        | Reached XP level 9. HP: 75/75 MP: 15/15
   250 | D        | Killed Dowan
   260 | D        | Got the amulet "Cuid Jel" {Inacc rC+++ rN+}
   262 | D        | Got Ygusee Vosa's Compendium of the Virous Arsonist
   267 | D        | Entered arena 7.
   269 | D        | Reached ***** piety under Qazlal
   271 | D        | Reached skill level 9 in Crossbows
   275 | D        | Found a transporter.
   279 | D        | Killed Sonja
   284 | D        | Killed Purgy
   289 | D        | Entered arena 8.
   289 | D        | Noticed a naga mage
   289 | D        | Noticed a naga mage
   289 | D        | Noticed a black mamba
   291 | D        | Killed a black mamba
   293 | D        | Killed an azure jelly
   294 | D        | Killed a naga mage
   294 | D        | Reached ****** piety under Qazlal
   294 | D        | Reached skill level 10 in Crossbows
   296 | D        | Killed a naga mage
   296 | D        | Reached XP level 10. HP: 70/83 MP: 17/17
   297 | D        | Found a transporter.
   310 | D        | Entered arena 9.
   310 | D        | Noticed a spriggan druid
   310 | D        | Noticed a spriggan rider
   310 | D        | Noticed a spriggan rider
   311 | D        | Reached skill level 10 in Invocations
   311 | D        | Killed a spriggan rider
   311 | D        | Reached skill level 10 in Fighting
   311 | D        | Reached skill level 11 in Crossbows
   311 | D        | Killed a spriggan druid
   311 | D        | Killed a spriggan rider
   311 | D        | Reached skill level 10 in Armour
   311 | D        | Reached skill level 10 in Evocations
   316 | D        | Found a transporter.
   325 | D        | Got the ring "Hoamn" {+Inv rN+ Stlth-}
   354 | D        | Killed an acid blob
   363 | D        | Entered arena 10.
   363 | D        | Noticed a spiny frog
   364 | D        | Found the ring of the Octopus King {MP+9 AC+1 EV+1 Str+1
                  | Int+1 Dex+1}
   364 | D        | Reached skill level 12 in Crossbows
   364 | D        | Reached XP level 11. HP: 92/92 MP: 19/19
   369 | D        | Found a transporter.
   379 | D        | Got a ring of the Octopus King {MP+9 AC+1 EV+1 Str+1 Int+1
                  | Dex+1}
   393 | D        | Entered arena 11.
   393 | D        | Noticed a deep elf archer
   393 | D        | Noticed a +3 broad axe of flaming
   393 | D        | Noticed a +5 hand axe of chopping
   393 | D        | Noticed a deep elf knight
   393 | D        | Noticed a +2 halberd of venom
   393 | D        | Noticed a +1 battleaxe of chopping
   393 | D        | Noticed a deep elf mage
   393 | D        | Noticed a +2 vampiric trident
   394 | D        | Killed a +5 hand axe of chopping
   394 | D        | Killed a +2 vampiric trident
   394 | D        | Reached skill level 13 in Crossbows
   394 | D        | Killed a deep elf mage
   395 | D        | Killed a +2 halberd of venom
   399 | D        | Killed a +1 battleaxe of chopping
   399 | D        | Reached skill level 10 in Dodging
   400 | D        | Killed a deep elf knight
   404 | D        | Killed a +3 broad axe of flaming
   404 | D        | Reached skill level 14 in Crossbows
   405 | D        | Killed a deep elf archer
   406 | D        | Found a transporter.
   434 | D        | Killed an acid blob
   441 | D        | Got the ring of the Ten Wishes {+Fly rElec MR++ Str-5
                  | Int+4}
   448 | D        | Killed an acid blob
   487 | D        | Killed an azure jelly
   540 | D        | Killed an azure jelly
   623 | D        | Entered arena 12.
   623 | D        | Noticed an ancient lich
   624 | D        | Reached XP level 12. HP: 102/102 MP: 21/21
   624 | D        | Noticed a vampire mage
   628 | D        | Killed an ancient lich
   628 | D        | Reached skill level 5 in Axes
   628 | D        | Reached skill level 15 in Crossbows
   629 | D        | Killed a vampire mage
   636 | D        | Found a transporter.
   645 | D        | Got the Reference Book on Conjuration
   668 | D        | Killed an azure jelly
   684 | D        | Killed an azure jelly
   705 | D        | Entered arena 13.
   705 | D        | Noticed a death ooze
   706 | D        | Noticed an acid blob
   706 | D        | Noticed a great orb of eyes
   706 | D        | Noticed an acid blob
   707 | D        | Found the +7 sceptre of Torment {pain, torment}
   708 | D        | Killed a death ooze
   708 | D        | Killed a great orb of eyes
   708 | D        | Reached skill level 16 in Crossbows
   708 | D        | Reached XP level 13. HP: 111/111 MP: 15/23
   708 | D        | Killed an acid blob
   709 | D        | Killed an acid blob
   710 | D        | Found a transporter.
   721 | D        | Killed Harold
   733 | D        | Killed an azure jelly
   734 | D        | Killed a death ooze
   770 | D        | Killed a death ooze
   776 | D        | Killed an acid blob
   778 | D        | Killed an azure jelly
   782 | D        | Killed an azure jelly
   787 | D        | Killed an azure jelly
   790 | D        | Entered arena 14.
   791 | D        | Noticed a frost giant
   792 | D        | Reached skill level 15 in Invocations
   793 | D        | Reached skill level 17 in Crossbows
   794 | D        | Killed a frost giant
   794 | D        | Noticed a frost giant
   797 | D        | Killed a death ooze
   797 | D        | Killed an azure jelly
   798 | D        | Killed a frost giant
   799 | D        | Found a transporter.
   802 | D        | Killed a death ooze
   803 | D        | Killed an acid blob
   804 | D        | Killed a death ooze
   816 | D        | Killed a death ooze
   857 | D        | Killed a death ooze
   871 | D        | Entered arena 15.
   871 | D        | Killed an azure jelly
   872 | D        | Noticed an acid blob
   874 | D        | Reached skill level 18 in Crossbows
   874 | D        | Killed an acid blob
   880 | D        | Found a transporter.
   888 | D        | Killed a death ooze
   890 | D        | Killed an acid blob
   893 | D        | Got the Tome of Earthen Boosts
   894 | D        | Killed an azure jelly
   902 | D        | Killed an azure jelly
   904 | D        | Killed an azure jelly
   947 | D        | Entered arena 16.
   947 | D        | Noticed a black draconian
   947 | D        | Noticed a purple draconian
   947 | D        | Noticed a black draconian
   947 | D        | Noticed a black draconian monk
   947 | D        | Noticed a red draconian
   948 | D        | Noticed a purple draconian
   948 | D        | Noticed a red draconian
   948 | D        | Noticed a white draconian
   948 | D        | Noticed a black draconian
   948 | D        | Identified the +8 halberd "Kadeuvel" {elec, rElec rN+ Str+2
                  | Stlth-}
   948 | D        | Noticed a red draconian annihilator
   948 | D        | Noticed a purple draconian
   948 | D        | Noticed a black draconian
   948 | D        | Noticed a yellow draconian
   949 | D        | Killed a purple draconian
   949 | D        | Reached skill level 19 in Crossbows
   949 | D        | Reached XP level 14. HP: 117/121 MP: 25/25
   949 | D        | Noticed a purple draconian
   950 | D        | Killed a black draconian
   950 | D        | Reached skill level 15 in Fighting
   950 | D        | Killed a purple draconian
   950 | D        | Killed a black draconian
   950 | D        | Reached skill level 15 in Armour
   950 | D        | Killed a yellow draconian
   950 | D        | Killed a black draconian
   950 | D        | Reached skill level 20 in Crossbows
   950 | D        | Killed a purple draconian
   950 | D        | Killed a black draconian
   950 | D        | Reached skill level 10 in Axes
   950 | D        | Killed a red draconian
   951 | D        | Killed a purple draconian
   951 | D        | Killed a black draconian monk
   951 | D        | Reached skill level 21 in Crossbows
   951 | D        | Killed a red draconian
   951 | D        | Killed a white draconian
   952 | D        | Killed a red draconian annihilator
   955 | D        | Found a transporter.
   957 | D        | Killed an azure jelly
   972 | D        | Killed an azure jelly
  1038 | D        | Killed an acid blob
  1044 | D        | Killed an acid blob
  1060 | D        | Entered arena 17.
  1061 | D        | Identified the cursed +0 hand axe "Giant's Toothpick"
                  | {chop, rF- Str+6 Dex+3}
  1063 | D        | Noticed a vampire knight
  1064 | D        | Killed an acid blob
  1066 | D        | Killed a vampire knight
  1066 | D        | Reached skill level 22 in Crossbows
  1066 | D        | Noticed a lich
  1069 | D        | Killed a lich
  1069 | D        | Noticed an ancient lich
  1072 | D        | Killed an ancient lich
  1072 | D        | Reached skill level 23 in Crossbows
  1072 | D        | Reached skill level 15 in Dodging
  1072 | D        | Reached XP level 15. HP: 134/134 MP: 13/28
  1089 | D        | Killed an acid blob
  1091 | D        | Found a transporter.
  1096 | D        | Killed Josephine
  1100 | D        | Killed an azure jelly
  1101 | D        | Got the amulet "Ashuvve" {+Rage MR+}
  1123 | D        | Killed an azure jelly
  1131 | D        | Entered arena 18.
  1134 | D        | Identified the amulet of Kafuug Ychu {+Rage rElec Int+7
                  | Dex-3 Slay+2}
  1136 | D        | Reached skill level 24 in Crossbows
  1136 | D        | Identified the +0 executioner's axe of the Harvest {freeze,
                  | Dex+4 SInv Stlth-}
  1148 | D        | Found a transporter.
  1160 | D        | Killed an acid blob
  1172 | D        | Killed Erolcha
  1182 | D        | Killed an acid blob
  1189 | D        | Got the Papyrus of Attacks and Transmigration
  1192 | D        | Entered arena 19.
  1195 | D        | Noticed an iron giant
  1200 | D        | Identified the cursed +0 arbalest "Gexoadeh" {elec, MR+
                  | Str+2}
  1200 | D        | Identified the ring "Orhige" {Str+2 Int+4}
  1203 | D        | Killed an acid blob
  1204 | D        | Found the +10 large shield of Ignorance {rN+ Int-4}
  1205 | D        | Killed an iron giant
  1210 | D        | Killed an acid blob
  1212 | D        | Killed Nikola
  1223 | D        | Found a transporter.
  1236 | D        | Killed an acid blob
  1270 | D        | Entered arena 20.
  1273 | D        | Noticed a lich
  1274 | D        | Noticed a lich
  1276 | D        | Killed a lich
  1276 | D        | Reached skill level 25 in Crossbows
  1277 | D        | Killed a lich
  1277 | D        | Reached XP level 16. HP: 146/146 MP: 14/30
  1289 | D        | Found the ring of the Mage {Wiz MR++ Int+3}
  1292 | D        | Found a transporter.
  1344 | D        | Killed an azure jelly
  1359 | D        | Entered arena 21.
  1363 | D        | Noticed an Ice Fiend
  1364 | D        | Reached skill level 26 in Crossbows
  1367 | D        | Killed an Ice Fiend
  1370 | D        | Found a transporter.
  1395 | D        | Got Nufiddov's Volume of Dislocated Black Secrets
  1412 | D        | Killed an acid blob
  1425 | D        | Entered arena 22.
  1428 | D        | Identified the ring "Xomy" {rN+ AC+4 Dex+4 Stlth+}
  1428 | D        | Identified the ring "Zimajy" {MP+9 EV+3 Dex+10}
  1428 | D        | Identified the amulet "Menom" {Faith MR+}
  1429 | D        | Reached skill level 1 in Spellcasting
  1430 | D        | Noticed a kraken
  1430 | D        | Identified the +6 mace of the Gnat {flame, Dex+3}
  1431 | D        | Reached skill level 5 in Spellcasting
  1433 | D        | Reached skill level 27 in Crossbows
  1439 | D        | Noticed a kraken
  1439 | D        | Noticed a kraken
  1442 | D        | Killed an azure jelly
  1444 | D        | Killed a kraken
  1444 | D        | Killed an azure jelly
  1447 | D        | Killed a kraken
  1447 | D        | Reached XP level 17. HP: 73/162 MP: 23/33
  1447 | D        | Killed a kraken
  1448 | D        | Noticed a kraken
  1457 | D        | Killed a kraken
  1457 | D        | Reached skill level 10 in Spellcasting
  1461 | D        | Noticed a kraken
  1462 | D        | Found the +6 lightning scales {run, rElec}
  1462 | D        | Found a transporter.
  1474 | D        | Killed a kraken
  1533 | D        | Killed an acid blob
  1536 | D        | Got the Volume of the Dusty Entourage
  1539 | D        | Killed an acid blob
  1544 | D        | Got Ucvuttyw's Papyrus of Ignition and Damage Dealing
  1571 | D        | Learned a level 3 spell: Regeneration
  1721 | D        | Entered arena 23.
  1727 | D        | Reached skill level 1 in Necromancy
  1727 | D        | Reached skill level 1 in Charms
  1729 | D        | Noticed an Ice Fiend
  1730 | D        | Reached skill level 5 in Charms
  1730 | D        | Reached skill level 5 in Necromancy
  1734 | D        | Killed an Ice Fiend
  1738 | D        | Found a transporter.
  1755 | D        | Got the amulet "Nyciowea" {Acrobat rF+++ Stlth+}
  1774 | D        | Got the +4 pair of gloves "Gigojyum" {rElec rF+}
  1789 | D        | Got the Papyrus of Self-Improvement
  1801 | D        | Entered arena 24.
  1806 | D        | Noticed a lich
  1807 | D        | Killed a lich
  1832 | D        | Found the +8 demon blade "Bloodbane" {slice, *Rage +Rage
                  | Stlth-}
  1843 | D        | Killed an acid blob
  1846 | D        | Found a transporter.
  2022 | D        | Killed an acid blob
  2023 | D        | Killed an acid blob
  2025 | D        | Killed an acid blob
  2117 | D        | Killed an acid blob
  2123 | D        | Killed an acid blob
  2125 | D        | Entered arena 25.
  2125 | D        | Noticed an acid blob
  2125 | D        | Noticed an acid blob
  2125 | D        | Noticed Ereshkigal
  2125 | D        | Noticed Agnes
  2125 | D        | Identified the +4 staff of Dispater
  2125 | D        | Noticed Dispater
  2125 | D        | Identified the ring "Bap Zefy" {rF+ MR++ Int+8 Dex-4
                  | Stlth+}
  2125 | D        | Noticed Frances
  2125 | D        | Noticed Gloorx Vloq
  2125 | D        | Noticed Frederick
  2127 | D        | Noticed an Executioner
  2127 | D        | Noticed an Executioner
  2127 | D        | Noticed an Executioner
  2127 | D        | Noticed an Executioner
  2127 | D        | Noticed Boris
  2128 | D        | Noticed a Tzitzimitl
  2129 | D        | Noticed an acid blob
  2129 | D        | Noticed Geryon
  2131 | D        | Noticed an acid blob
  2131 | D        | HP: 3/165 [Executioner[Gloorx Vloq] (6)]
  2132 | D        | Mangled by an Executioner

Skill      XL: |  1  2  3  4  5  6  7  8  9 10 11 12 13 14 15 16 17 |
---------------+----------------------------------------------------+-----
Fighting       | 3 6 7 8 9 10 12 13 14 17 19 22 23 | 23.8
Armour         | 2 6 7 9 10 12 13 14 15 | 15.0
Dodging        | 3 5 6 7 9 10 11 12 15 | 15.0
Shields        | 3 6 7 8 9 |  9.2
Invocations    | 3 7 8 9 11 13 14 15 18 20 24 26 | 26.3
Evocations     | 2 6 7 9 10 | 10.1
Crossbows      | 7 8 10 12 14 16 19 23 25 27 | 27.0
Axes           | 5 9 10 14 | 14.1
Spellcasting   | 9 12 | 12.7
Necromancy     | 7 |  7.6
Charms         | 7 |  7.5
Stealth        | |  1.2

Action                   |  1- 3 |  4- 6 |  7- 9 | 10-12 | 13-15 | 16-18 || total
-------------------------+-------+-------+-------+-------+-------+-------++-------
 Fire: Heavy crossbow    |     1 |       |    32 |    22 |    44 |    42 ||   141
Invok: Disaster Area     |       |       |       |     6 |    15 |    15 ||    36
  Use: Potion            |     1 |       |       |       |       |     5 ||     6
       Scroll            |       |       |       |       |     4 |       ||     4
  Eat: Chunk             |       |       |       |       |     1 |     2 ||     3
Armor: Gold dragon scale |     1 |       |    14 |    12 |     5 |    56 ||    88
Dodge: Dodged            |       |       |     2 |     4 |     4 |    12 ||    22
       Deflected         |       |       |       |       |     1 |     2 ||     3
Block: Shield            |       |       |    51 |    43 |    36 |    66 ||   196
       Reflection        |       |       |       |       |    13 |     6 ||    19
